 Dungeon Crawl Stone Soup version 0.32-a0-42-ga30500b4d3 (webtiles) character file.

Game seed: 1516334760758632896

2980 PriceMaster the Digger (level 9, 0/54 HPs)
             Began as an Octopode Earth Elementalist on Jan 26, 2024.
             Was a Believer of Sif Muna.
             Slain by an orc warlord
             ... wielding a +5 battleaxe
              (26 damage)
             ... in a bailey on Jan 27, 2024.
             The game lasted 00:24:45 (12254 turns).

PriceMaster the Digger (OpEE)                      Turns: 12254, Time: 00:24:45

Health: 0/54       AC: 12    Str: 11    XL:     9   Next: 83%
Magic:  1/19       EV: 14    Int: 18    God:    Sif Muna [**....]
Gold:   396        SH:  0    Dex: 12    Spells: 7/22 levels left

rFire   . . .        l - +2 flail (protect)
rCold   . . .        (no shield)
rNeg    . . .        (helmet restricted)
rPois   .            (no amulet)
rElec   .            d - +4 ring of protection
rCorr   +            e - ring of resist corrosion
SInv    .            a - ring of willpower
Will    +....        (no ring)
Stlth   ++++         (no ring)
HPRegen 0.29/turn    (no ring)
MPRegen 0.16/turn    (no ring)
                     (no ring)

%: no passive effects
@: under a protective aura
A: almost no armour, amphibious, 8 rings, camouflage 1, gelatinous body 1,
(nimble swimmer 1), tentacles
a: Renounce Religion, Channel Magic


You were in a bailey.
You worshipped Sif Muna.
Sif Muna was pleased with you.
You visited 1 branch of the dungeon, and saw 7 of its levels.
You also visited: Bailey.

You collected 396 gold pieces.

Inventory:

Hand Weapons
 f - a +0 dagger
 g - a +3 dagger
 h - a +1 long sword
 i - a +2 antimagic hand axe
 l - a +2 flail of protection (weapon)
 q - a +0 dagger of venom
Jewellery
 a - a ring of willpower (on tentacle)
 d - a +4 ring of protection (left tentacle)
 e - a ring of resist corrosion (right tentacle)
Talismans
 c - a storm talisman
Wands
 t - a wand of paralysis (7)
Scrolls
 r - a scroll of poison
Potions
 b - a potion of curing
 j - 3 potions of attraction
 p - a potion of cancellation


   Skills:
 + Level 2.0 Fighting
 + Level 1.2(1.5) Short Blades
 + Level 1.1(1.4) Long Blades
 + Level 3.8 Maces & Flails
 + Level 3.4 Dodging
 + Level 5.8 Stealth
 + Level 0.5 Unarmed Combat
 + Level 7.2 Spellcasting
 + Level 4.8 Conjurations
 + Level 7.3 Earth Magic


You had 7 spell levels left.
You knew the following spells:

 Your Spells              Type           Power      Damage    Failure   Level
a - Sandblast             Erth           66%        2d15      1%          1
b - Stone Arrow           Conj/Erth      56%        3d10      2%          3
c - Passwall              Erth           33%        N/A       1%          3
d - Brom's Barrelling Bo  Conj/Erth      28%        2d5       9%          4
e - Petrify               Alch/Erth      19%        N/A       22%         4

Your spell library contained the following spells:

 Spells                   Type           Power      Damage    Failure   Level


Dungeon Overview and Level Annotations

Branches:
Dungeon (7/15)             Temple (0/1) D:4          Bailey (1/1)

Altars:
Fedhas
Gozag
Hepliaklqana
Nemelex Xobeh
Okawaru
Sif Muna

Annotations:
D:6 3 runed translucent doors, zazu2006's ghost, amateur GnWn


Innate Abilities, Weirdness & Mutations

You cannot wear most types of armour.
You are amphibious.
You can wear up to eight rings at the same time.
Your skin changes colour to match your surroundings (Stealth+).
Your rubbery body absorbs attacks. (AC +1, EV +1)
((You are camouflaged when in or above water. (Stealth+)))
You have tentacles for arms and can constrict up to eight enemies at once.


Message History

As you read the scroll of poison, it crumbles to dust.
The orc warlord roars a battlecry!
Aiming: Sandblast (safe; 1% risk of failure)
Press: ? - help, Q - select action, (/) - cycle Shift-Dir - straight line, f - orc
Aim: an orc, wielding a +0 hand axe and wearing a +0 leather armour (strong, 84% to hit)
The blast of sand hits the orc!!
You kill the orc!
Sif Muna accepts your kill.
You don't have enough magic to cast this spell.
No reachable target in view!
Okay, then.
Okay, then.
An orc warlord is nearby!
Okay, then.
Aiming: Paralyse
Press: ? - help, Shift-Dir - straight line, f - orc warlord
Aim: an orc warlord, wielding a +5 battleaxe and wearing a +0 chain mail (poison gas, chance to affect: 17%)
The orc warlord resists with almost no effort.
The orc warlord is engulfed in poison gas.
The orc warlord is poisoned.
Casting: Sandblast (safe; 1% risk of failure)
Confirm with . or Enter, or press ? or * to list all spells.
You don't have enough magic to cast this spell.
You barely miss the orc warlord. You grab the orc warlord.
The orc warlord is lightly wounded.
You constrict the orc warlord.
The orc warlord is engulfed in poison gas.
The orc warlord looks even sicker.
The orc warlord hits you with a +5 battleaxe!!
Ouch! That really hurt!
You hear a shout!
You hit the orc warlord but do no damage.
Your weapon exudes an aura of protection.
The orc warlord is lightly wounded.
You constrict the orc warlord, but do no damage.
You hear a shout! x2
The orc warlord is engulfed in poison gas.
The orc warlord looks even sicker.
The orc warlord hits you with a +5 battleaxe!!
You die...

..# #....)..# ..#
##§§§§§§§## ...# ..
#§§§§§§§§§# ...# #g.
##§§§§☼§§§☼##
....###'###§§§§§§§§§☼§#
...##88.88##§§§§§§§§§##
.......#§§§§§§§§§#
.....§§##§☼§§§§§##
.....§§§'$§o@§§§#
.....§g§##§§§§§##
...⌠.°°..#######
....*...## ........#
.......## !!○..!?
#!!∩??# ######


You could see an orc warlord (very poisoned) and a goblin.

Vanquished Creatures
  Grinder (D:3)
  2 water moccasins
  An ice beast (D:4)
  A black bear (D:4)
  8 orc warriors (Bailey)
  2 ogres
  2 phantoms
  A bullfrog (D:7)
  3 scorpions
  4 wights (D:6)
  2 bombardier beetles
  A jelly (D:4)
  2 hounds (D:6)
  2 orc priests
  A gnoll bouda (D:7)
  A sleepcap (D:5)
  Terence (D:3)
  7 orc wizards
  2 iguanas
  11 gnolls
  7 adders
  2 ribbon worms
  2 dart slugs (D:1)
  34 orcs
  5 bats
  4 endoplasms
  4 giant cockroaches
  18 goblins
  15 hobgoblins
  3 jackals (D:3)
  6 quokkas
  8 ball pythons
  5 frilled lizards
  3 kobolds
  2 rats (D:2)
173 creatures vanquished.

Vanquished Creatures (collateral kills)
  5 boulders
5 creatures vanquished.

Vanquished Creatures (others)
  8 boulders
8 creatures vanquished.

Grand Total: 186 creatures vanquished

Notes
Turn   | Place    | Note
-------+----------+-------------------------------------------
     0 | D:1      | PriceMaster the Octopode Earth Elementalist began the quest
                  | for the Orb.
     0 | D:1      | Reached XP level 1. HP: 11/11 MP: 3/3
   235 | D:1      | Reached XP level 2. HP: 17/17 MP: 5/5
  1065 | D:2      | Reached XP level 3. HP: 21/21 MP: 4/6
  1117 | D:2      | Learned a level 3 spell: Stone Arrow
  1968 | D:3      | Reached XP level 4. HP: 27/27 MP: 1/7
  2396 | D:3      | Noticed Grinder
  2418 | D:3      | Killed Grinder
  2419 | D:3      | Reached skill level 1 in Fighting
  2419 | D:3      | Reached skill level 1 in Short Blades
  2419 | D:3      | Reached XP level 5. HP: 26/33 MP: 1/10
  2419 | D:3      | Reached XP level 6. HP: 30/38 MP: 1/11
  2603 | D:3      | Learned a level 3 spell: Passwall
  2886 | D:3      | Reached skill level 1 in Long Blades
  3435 | D:3      | Noticed Terence
  3441 | D:3      | Killed Terence
  4472 | D:3      | Learned a level 4 spell: Brom's Barrelling Boulder
  4566 | D:4      | Found a blossoming altar of Fedhas.
  4948 | D:4      | Found a shimmering blue altar of Sif Muna.
  4958 | D:4      | Found a staircase to the Ecumenical Temple.
  4969 | D:4      | Became a worshipper of Sif Muna the Loreminder
  5015 | D:4      | Reached XP level 7. HP: 32/43 MP: 3/13
  5268 | D:4      | Reached skill level 5 in Earth Magic
  5687 | D:4      | Found an iron altar of Okawaru.
  6113 | D:5      | Entered Level 5 of the Dungeon
  6652 | D:5      | Reached skill level 5 in Stealth
  6987 | D:5      | Reached XP level 8. HP: 48/48 MP: 6/14
  7415 | D:5      | Reached skill level 1 in Maces & Flails
  7520 | D:5      | Found a sparkling altar of Nemelex Xobeh.
  7649 | D:6      | Reached skill level 5 in Spellcasting
  8170 | D:6      | Found a runed translucent gate.
  8170 | D:6      | Found an opulent altar of Gozag.
  8170 | D:6      | Found a runed translucent gate.
  8170 | D:6      | Noticed a kobold demonologist
  8171 | D:6      | Found a runed translucent gate.
  8172 | D:6      | Noticed zazu2006's ghost (amateur GnWn)
  8172 | D:6      | Noticed a troll
  8368 | D:6      | Learned a level 4 spell: Petrify
  8374 | D:6      | Reached * piety under Sif Muna
  8654 | D:6      | HP: 1/44 [wight/+5 halberd (7)]
  9867 | D:7      | Reached XP level 9. HP: 52/53 MP: 1/17
 10178 | D:7      | Found a hazy altar of Hepliaklqana.
 10303 | D:7      | Found a flagged portal.
 10357 | Bailey   | Entered a bailey
 10786 | Bailey   | Reached ** piety under Sif Muna
 12246 | Bailey   | Noticed an orc warlord
 12254 | Bailey   | Slain by an orc warlord

Illustrated notes

Levels and vault maps discovered:
D:1:      elethiomel_arrival_infinity_welcomes_careful_drivers, layout_basic,
          serial_bayou_pond_a
D:2:      layout_rooms
D:3:      layout_loops_corners, uniq_terence, uniq_grinder
D:4:      layout_loops_cross, mainiacjoe_overflow_brackets,
          fedhas_ov_isle_minmay, kennysheep_mini_moat, minmay_temple_entry_ruins
D:5:      layout_cave_pools, marbit_many_paths, kennysheep_generic_room_13
D:6:      layout_layer_cave, ebering_ghost_gozag, hangedman_decor_points
D:7:      layout_loops_cross, nicolae_tso_carved_into_rock, elyvilon_altar_1,
          nicolae_qazlal_general_emergency, mainiacjoe_overflow_six_doors_small,
          enter_bailey_6, hex_medium
Bailey:   bailey_axe_minmay_hex_keep, bailey

Skill      XL: |  1  2  3  4  5  6  7  8  9 |
---------------+----------------------------+-----
Stealth        | 3 4 5 |  5.8
Fighting       | 1 2 |  2.0
Short Blades   | 1 |  1.2
Spellcasting   | 3 4 5 7 |  7.2
Earth Magic    | 4 5 6 7 |  7.3
Long Blades    | 1 |  1.1
Conjurations   | 2 3 4 |  4.8
Dodging        | 3 |  3.4
Maces & Flails | 3 |  3.8
Unarmed Combat | |  0.5

Action                     |  1- 3 |  4- 6 |  7- 9 || total
---------------------------+-------+-------+-------++-------
  Melee: Unarmed           |    32 |       |       ||    32
         Tentacles         |     9 |     9 |    16 ||    34
         Constrict         |    11 |     9 |    20 ||    40
         Dagger            |    22 |    20 |       ||    42
         Punch             |     1 |     1 |     1 ||     3
         Long sword        |       |    10 |       ||    10
         Flail             |       |     3 |    82 ||    85
   Cast: Sandblast         |    25 |    10 |    33 ||    68
         Stone Arrow       |     6 |    28 |    69 ||   103
         Passwall          |       |     3 |     1 ||     4
         Brom's Barrelling |       |     1 |    48 ||    49
         Petrify           |       |       |     2 ||     2
  Evoke: Wand              |       |       |     3 ||     3
    Use: Potion            |     2 |       |     8 ||    10
         Scroll            |       |     3 |    13 ||    16
   Stab: Sleeping          |     5 |     2 |     4 ||    11
         Petrified         |       |       |     2 ||     2
         Paralysed         |       |       |     1 ||     1
 Armour: Skin              |    31 |    23 |    67 ||   121
  Dodge: Dodged            |    40 |    19 |    54 ||   113
         Form:             |       |     1 |       ||     1
         Storm             |       |     1 |       ||     1

Table legend: (Time is in decaauts)
 A = Elapsed time spent in this place.
 B = Non-inter-level travel time spent in this place.
 C = Inter-level travel time spent in this place.
 D = Time resting spent in this place.
 E = Time spent auto-exploring this place.
 F = Levels seen in this place.
 G = Mean time per level.
                   A        B        C        D        E       F      G
               +--------+--------+--------+--------+--------+-----+--------+
         Total |  12290 |  12176 |    114 |   5609 |   5114 |   8 | 1536.2 |
       Dungeon |  10381 |  10267 |    114 |   4333 |   4782 |   7 | 1483.0 |
        Bailey |   1909 |   1909 |      0 |   1276 |    332 |   1 | 1909.0 |
               +--------+--------+--------+--------+--------+-----+--------+

Top non-repeatable levels by time:
     D:3: 2795 daAuts
     D:6: 2205 daAuts
  Bailey: 1909 daAuts
     D:4: 1567 daAuts
     D:5: 1515 daAuts
     D:1: 1039 daAuts
     D:2: 731 daAuts
     D:7: 527 daAuts
